General information
- name: BNet
- type: Ladder team game (AT/RT)
- host: Battle.net
- saver: niGhT_blOoDy
map: TwistedMeadows
- players: 4
- length: 06:21
- speed: Fast
- version: 1.24 W3XP
- replay type: Public
» download(41 KB)
Players
team 1 (loser)
JOHO.OOM (
green | 83 APM | 511 actions | 06:11)
2 Demon Hunter
1 Immolation
1 Evasion
» actions
| Assign group hotkey | 15 | |
| Build / train | 24 | |
| ESC pressed | 1 | |
| Enter build submenu | 6 | |
| Enter hero's abilities submenu | 2 | |
| Right click | 293 | |
| Select / deselect | 88 | |
| Select group hotkey | 58 | |
| Use ability | 24 | |
511 total
» units
» buildings
| Altar of Elders | 1 | |
| Moon Well | 3 | |
| Hunter's Hall | 1 | |
| Ancient of War | 1 | |
6 total
» build order
00:04 Altar of Elders
00:17 Moon Well
01:41 Hunter's Hall
01:47 Ancient of War
02:05 Moon Well
04:58 Moon Well
KODOS_FORSAKEN (
pink | 100 APM | 614 actions | 06:10)
2 Demon Hunter
1 Immolation
1 Evasion
» actions
| Assign group hotkey | 58 | |
| Build / train | 26 | |
| Enter build submenu | 15 | |
| Enter hero's abilities submenu | 2 | |
| Right click | 248 | |
| Select / deselect | 148 | |
| Select group hotkey | 59 | |
| Use ability | 58 | |
614 total
» units
» buildings
| Altar of Elders | 2 | |
| Moon Well | 3 | |
| Hunter's Hall | 1 | |
| Ancient of War | 7 | |
| Ancient Protector | 1 | |
14 total
» build order
00:06 Altar of Elders
00:09 Altar of Elders
00:19 Moon Well
01:28 Hunter's Hall
01:52 Ancient of War
02:10 Ancient of War
02:25 Moon Well
02:43 Ancient of War
03:04 Ancient of War
03:24 Ancient Protector
03:47 Ancient of War
03:49 Ancient of War
04:15 Ancient of War
04:43 Moon Well
team 2 (winner)
niGhT_blOoDy (
yellow | 236 APM | 1498 actions | 06:21)
2 Death Knight
1 Death Coil
1 Unholy Aura
» actions
| Assign group hotkey | 43 | |
| Basic commands | 176 | |
| Build / train | 35 | |
| Enter build submenu | 7 | |
| Enter hero's abilities submenu | 2 | |
| Give item / drop item | 1 | |
| Right click | 410 | |
| Select / deselect | 88 | |
| Select group hotkey | 710 | |
| Use ability | 26 | |
1498 total
» units
» upgrades
» buildings
| Crypt | 2 | |
| Altar of Darkness | 1 | |
| Ziggurat | 2 | |
| Tomb of Relics | 1 | |
6 total
» build order
00:06 Crypt
00:10 Altar of Darkness
00:34 Ziggurat
00:48 Tomb of Relics
01:21 Ziggurat
02:11 Crypt
» items
| Rod of Necromancy | 2 | |
| Dust of Appearance | 2 | |
4 total
Ok- (
red | 153 APM | 949 actions | 06:12)
2 Archmage
1 Summon Water Elemental
1 Brilliance Aura
» actions
| Assign group hotkey | 39 | |
| Basic commands | 61 | |
| Build / train | 37 | |
| Enter build submenu | 17 | |
| Enter hero's abilities submenu | 2 | |
| Right click | 241 | |
| Select / deselect | 130 | |
| Select group hotkey | 394 | |
| Use ability | 28 | |
949 total
» units
» buildings
| Altar of Kings | 1 | |
| Farm | 4 | |
| Barracks | 1 | |
| Lumber Mill | 1 | |
| Scout Tower | 7 | |
| Arcane Tower | 1 | |
| Guard Tower | 6 | |
| Arcane Vault | 1 | |
22 total
» build order
00:07 Altar of Kings
00:19 Farm
00:21 Barracks
00:44 Farm
01:36 Farm
02:01 Lumber Mill
03:06 Scout Tower
03:07 Scout Tower
03:25 Arcane Tower
03:26 Scout Tower
03:46 Guard Tower
03:47 Scout Tower
04:12 Guard Tower
04:41 Scout Tower
05:02 Scout Tower
05:07 Guard Tower
05:07 Guard Tower
05:21 Farm
05:41 Guard Tower
05:43 Scout Tower
05:59 Guard Tower
06:01 Arcane Vault
Chat log
(00:15 / All) KODOS_FORSAKEN: hey trash mexicans
(00:31 / All) Ok-: sorry ain't mexican :)
(00:34 / All) KODOS_FORSAKEN: like the back to back rapes in 4s yesterday
(00:40 / All) KODOS_FORSAKEN: ?
(00:48 / All) KODOS_FORSAKEN: stupid clowns
(05:35 / All) JOHO.OOM: ofc newb trush
(05:38 / All) niGhT_blOoDy: NOOB
(05:41 / All) KODOS_FORSAKEN: glad you clowns learned to tower rush vs us
(05:42 / All) KODOS_FORSAKEN: euhauhauhauhaa
(05:44 / All) niGhT_blOoDy: NOOB P`LAY ONLY S4
(05:48 / All) niGhT_blOoDy: S2 GOSUS
(05:49 / All) KODOS_FORSAKEN: what
(05:50 / All) KODOS_FORSAKEN: Lol
(05:53 / All) niGhT_blOoDy: NEWBIES
(06:05 / All) KODOS_FORSAKEN: post this replay on 5 sites like last time clown
(06:09 / All) JOHO.OOM: lets pretend you could keep up with us without trush
(06:10 / All) niGhT_blOoDy: sHUT NIGGER